 Dungeon Crawl Stone Soup version 0.23-a0-295-g2e428d4 (webtiles) character file.

132 epen the Slasher (level 4, -10/37 HPs)
             Began as a Demonspawn Chaos Knight on Oct 5, 2018.
             Was a Plaything of Xom.
             Killed from afar by a wretched star (27 damage)
             ... with an orb of energy
             ... on level 2 of the Abyss.
             The game lasted 00:03:54 (1440 turns).

epen the Slasher (Demonspawn Chaos Knight)          Turns: 1440, Time: 00:03:54

Health: -10/37     AC:  7    Str:  9    XL:     4   Next: 92%
Magic:  4/4        EV: 11    Int: 13    God:    Xom [.*....]
Gold:   62         SH:  0    Dex:  9    Spells: 3/3 levels left

rFire    . . .     SeeInvis .   e - +4 quarterstaff (chaos)
rCold    . . .     Gourm    .   (shield currently unavailable)
rNeg     . . .     Faith    .   b - +2 leather armour
rPois    .         Spirit   .   k - +0 helmet
rElec    .         Reflect  .   m - +0 cloak (curse)
rCorr    .         Harm     .   (no gloves)
MR       .....                  (no boots)
Stlth    +.........             l - amulet of regeneration
HPRegen  0.52/turn              (no ring)
MPRegen  0.09/turn              (no ring)

@: no status effects
A: hooves 1, [blurry vision 2], [clumsy 2], [screaming 2], spiny 1, [weak 2]
a: Renounce Religion


You were on level 2 of the Abyss.
You worshipped Xom.
You were a plaything of Xom.
You were not hungry.

You visited 1 branch of the dungeon, and saw 2 of its levels.
You visited the Abyss 1 time.

You collected 62 gold pieces.

Inventory:

Hand Weapons
 a - a +0 falchion of chaos
 e - a +4 quarterstaff of chaos (weapon)
Armour
 b - a +2 leather armour (worn)
 k - a +0 helmet (worn)
 m - a cursed +0 cloak (worn)
Jewellery
 l - an amulet of regeneration (around neck)
Scrolls
 f - a scroll of identify {unknown}
 i - a scroll of enchant weapon {unknown}
 o - a scroll of random uselessness {unknown}
 p - a scroll of amnesia {unknown}
 q - a scroll of remove curse {unknown}
Potions
 g - 3 potions of degeneration {unknown}
 h - 2 potions of might {unknown}
 n - a potion of resistance
Comestibles
 c - 4 rations


   Skills:
 + Level 3.7 Fighting
 * Level 3.8 Long Blades
 + Level 2.5 Armour
 + Level 2.0 Dodging


You had 3 spell levels left.
You didn't know any spells.
Your spell library was empty.

Dungeon Overview and Level Annotations

Branches:
Dungeon (2/15)

Altars:
Ru
Xom

Annotations:
D:2 Sigmund


Innate Abilities, Weirdness & Mutations

You have large cloven feet.
You are partially covered in sharp spines.
[Scrolls take you longer to read.]
[You are very clumsy. (Dex -4)]
[You sometimes yell uncontrollably at your foes.]
[You are very weak. (Str -4)]


Message History

The wretched star pulses with an eldritch light!
Your vision blurs. x2
You closely miss the wretched star.
You kick the wretched star, but do no damage.
The wretched star is lightly damaged.
The wretched star pulses with an eldritch light!
You feel clumsy. x2; You feel the urge to shout.
You feel a strong urge to You closely miss the wretched star.
You kick the wretched star.
The wretched star is lightly damaged.
The wretched star glows turbulently.
The orb of energy hits you!
Ouch! That really hurt!
The orb of energy explodes!
The wretched star pulses with an eldritch light!
You feel weaker. x2
The wretched star glows turbulently.
The orb of energy hits you!
Ouch! That really hurt!
You die...
Xom is highly amused!

### ...... #. #
#.####...# .. .#
##........# ##...
##_#..#..._..##...#
≈♣≈≈≈≈≈≈≈.###.##...#
≈
≈≈≈≈≈≈≈........##..#
≈ ≈≈≈≈≈≈♣♣##....####
# #..#...##*.# ##§
###.##@#.# #§ .
...#.### §§#.##...#.
#§ # #..# ....# #
##.###...#.##
#.###.# .. #. ...
.#. . ## . #. .


You could see a wretched star.

Vanquished Creatures
  Crazy Yiuf (D:2)
  2 adders (D:2)
  3 oozes (D:1)
  4 worms (D:2)
  2 dart slugs
  A leopard gecko (D:1)
  A ball python (D:1)
  3 bats
  2 giant cockroaches
  5 goblins
  3 hobgoblins
  16 jackals
  2 frilled lizards
  4 kobolds
  3 rats
52 creatures vanquished.

Notes
Turn   | Place    | Note
-------+----------+-------------------------------------------
     0 | D:1      | epen the Demonspawn Chaos Knight began the quest for the
                  | Orb.
     0 | D:1      | Reached XP level 1. HP: 18/18 MP: 1/1
    78 | D:1      | Reached skill level 1 in Dodging
    94 | D:1      | XOM: potion effect (might)
    96 | D:1      | Gained mutation: You have large cloven feet. [demonic
                  | ancestry]
    96 | D:1      | Reached XP level 2. HP: 11/24 MP: 2/2
   374 | D:1      | Gained mutation: You are partially covered in sharp spines.
                  | [demonic ancestry]
   374 | D:1      | Reached XP level 3. HP: 29/29 MP: 3/3
   385 | D:1      | Found a shimmering altar of Xom.
   461 | D:1      | XOM: divination: magic mapping
   546 | D:1      | XOM: 4-stop teleportation journey
  1014 | D:2      | Reached XP level 4. HP: 35/35 MP: 4/4
  1078 | D:2      | Found a runed door.
  1105 | D:2      | Noticed Crazy Yiuf
  1125 | D:2      | XOM: harmless Chrm miscast
  1157 | D:2      | Killed Crazy Yiuf
  1189 | D:2      | XOM: scenery: 1 doors open
  1242 | D:2      | XOM: 5-stop teleportation journey
  1375 | D:2      | Found a sacrificial altar of Ru.
  1384 | D:2      | Noticed Sigmund
  1386 | D:2      | XOM: chaos upgrade
  1388 | D:2      | Cast into level 1 of the Abyss (Sigmund)
  1402 | Abyss:2  | Noticed a small abomination
  1414 | Abyss:2  | Found a basalt altar of Yredelemnul.
  1427 | Abyss:2  | Noticed a wretched star
  1427 | Abyss:2  | XOM: scenery: create altars
  1440 | Abyss:2  | Killed from afar by a wretched star

Vault maps used:
D:1:      sevenhm_arrival_forest_fort_large_4, serial_forest,
          infiniplex_forest_straight_2, infiniplex_forest_straight_1,
          infiniplex_forest_corner_1, infiniplex_forest_lined_corner,
          infiniplex_forest_clump_tiny, infiniplex_forest_zigzag_1,
          infiniplex_forest_split, infiniplex_forest_clump_C, minivault_19,
          xom_teletrap_fun
D:2:      lemuel_doored_altar, first_ration, minmay_rat_hole,
          uniq_crazy_yiuf_cottage, uniq_sigmund
Abyss:1:  minivault_25_ag

Skill      XL: |  1  2  3  4 |
---------------+-------------+-----
Dodging        | 1 2 |  2.0
Long Blades    | 3 |  3.8
Armour         | 2 |  2.5
Fighting       | |  3.7

Action                   |  1- 3 |  4- 6 || total
-------------------------+-------+-------++-------
Melee: Falchion          |    59 |    28 ||    87
       Kick              |    14 |    10 ||    24
       Quarterstaff      |       |    16 ||    16
  Use: Scroll            |       |     2 ||     2
       Potion            |       |     1 ||     1
 Stab: Paralysed         |     2 |       ||     2
  Eat: Chunk             |       |     2 ||     2
Armor: Leather armour    |    21 |     8 ||    29
Dodge: Dodged            |    39 |    17 ||    56
       Rpst.: Falchion   |    17 |     5 ||    22

Table legend:
 A = Non-vault XP
 B = Vault XP
 C = Vault XP percentage of total XP
 D = Non-vault monster count
 E = Vault monster count
 F = Vault count percentage of total count
                 A         B        C        D         E       F
            +---------+---------+-------+---------+---------+-------
      Total |     148 |      41 |  21.7 |      51 |       1 |   1.9
            +---------+---------+-------+---------+---------+-------
        D:1 |      70 |       0 |   0.0 |      29 |       0 |   0.0
        D:2 |      78 |      41 |  34.5 |      22 |       1 |   4.3
            +---------+---------+-------+---------+---------+-------
